 Dungeon Crawl Stone Soup version 0.31.0-12-g77e489cdc1 (webtiles) character file.

Game seed: 14636076227891786856

6318 PaiMei the Reanimator (level 10, -8/80 HPs)
             Began as a Demonspawn Necromancer on Mar 7, 2024.
             Mangled by Snorg (10 damage)
             ... on level 10 of the Dungeon.
             The game lasted 00:16:47 (9224 turns).

PaiMei the Reanimator (Demonspawn Necromancer)      Turns: 9224, Time: 00:16:47

Health: -8/80      AC: 11    Str:  9    XL:     10   Next: 64%
Magic:  1/30       EV: 16    Int: 20    God:
Gold:   407        SH:  4    Dex: 17    Spells: 16/24 levels left

rFire   . . .        I - +2 falchion (drain)
rCold   . . .        (no shield)
rNeg    + . .        t - +1 robe of Lusex {Regen+ Dex-2 Stlth+ Archmagi}
rPois   .            (no helmet)
rElec   .            s - +0 cloak
rCorr   .            V - +2 pair of gloves of Niybudgho {rN+}
SInv    .            (no boots)
Will    .....        u - amulet of magic regeneration
Stlth   ++++++       y - ring of magical power
HPRegen 1.13/turn    q - +4 ring of slaying
MPRegen 0.62/turn

%: archmagi
@: no status effects
A: hooves 2, thin skeletal structure 3, icemail 1, powered by death 1,
condensation shield
a: no special abilities


You were on level 10 of the Dungeon.
You visited 2 branches of the dungeon, and saw 12 of its levels.

You collected 407 gold pieces.

Inventory:

Hand Weapons
 r - a +3 quarterstaff of chaos
 v - a +2 dagger of speed
 H - a +2 long sword of protection
 I - a +2 falchion of draining (weapon)
Missiles
 D - a curare-tipped dart
 L - 22 poisoned darts (quivered)
Armour
 s - a +0 cloak (worn)
 t - the +1 robe of Lusex (worn) {Regen+ Dex-2 Stlth+ Archmagi}
   (You found it on level 3 of the Dungeon)

   Dex-2:     It affects your dexterity (-2).
   Regen+:    It increases your rate of health regeneration.
   Stlth+:    It makes you more stealthy.
   Archmagi:  It increases the power of your magical spells.
 V - the +2 pair of gloves of Niybudgho (worn) {rN+}
   (You found it on level 9 of the Dungeon)

   rN+:       It protects you from negative energy.
Jewellery
 a - a +5 ring of evasion
 e - a ring of protection from fire
 p - an amulet of regeneration
 q - a +4 ring of slaying (right hand)
 u - an amulet of magic regeneration (around neck)
 y - a ring of magical power (left hand)
 C - an amulet of guardian spirit
 O - a ring of ice
 S - a ring of ice
 U - an amulet of the acrobat
Wands
 d - a wand of flame (20)
 x - a wand of charming (6)
 K - a wand of acid (18)
 T - a wand of roots (7)
Scrolls
 c - 4 scrolls of blinking {unknown}
 g - 4 scrolls of poison {unknown}
 i - 4 scrolls of fear {unknown}
 l - 10 scrolls of identify {unknown}
 n - a scroll of acquirement {unknown}
 w - 3 scrolls of enchant weapon {unknown}
 z - a scroll of revelation {unknown}
 A - 3 scrolls of teleportation {unknown}
 E - a scroll of vulnerability {unknown}
 G - 2 scrolls of fog {unknown}
 J - a scroll of amnesia {unknown}
 P - a scroll of enchant armour {unknown}
 Q - 2 scrolls of brand weapon {unknown}
 R - 2 scrolls of noise {unknown}
Potions
 b - 2 potions of magic
 f - 4 potions of curing {unknown}
 h - a potion of degeneration {unknown}
 j - 2 potions of heal wounds {unknown}
 k - 2 potions of might {unknown}
 m - 2 potions of cancellation {unknown}
 o - 3 potions of lignification {unknown}
 B - 3 potions of brilliance {unknown}
 F - 3 potions of mutation {unknown}
 M - 2 potions of enlightenment {unknown}
 N - a potion of attraction {unknown}


   Skills:
 + Level 8.0 Fighting
 + Level 7.7 Dodging
 - Level 2.0 Stealth
 + Level 7.7 Spellcasting
 + Level 9.9 Necromancy


You had 16 spell levels left.
You knew the following spells:

 Your Spells              Type           Power      Damage    Failure   Level
a - Necrotise             Necr           100%       1d9       1%          1
b - Vampiric Draining     Necr           64%        2d10      1%          3
c - Animate Dead          Necr           64%        N/A       1%          4

Your spell library contained the following spells:

 Spells                   Type           Power      Damage    Failure   Level
 Curse of Agony           Necr           64%        N/A       4%          5
 Foxfire                  Conj/Fire      44%        2x1d6     9%          1
 Sandblast                Erth           22%        2d7       9%          1
 Sting                    Conj/Alch      44%        1d5       9%          1
 Mercury Vapours          Alch/Air       22%        N/A       13%         2
 Passwall                 Erth           11%        N/A       26%         3
 Stone Arrow              Conj/Erth      22%        3d8       26%         3
 Brom's Barrelling Bould  Conj/Erth      11%        2d3       65%         4
 Olgreb's Toxic Radiance  Alch           11%        N/A       65%         4
 Vhi's Electric Charge    Tloc/Air       22%        N/A       65%         4
 Arcjolt                  Conj/Air       5%         1d15      94%         5
 Plasma Beam              Fire/Air       5%         2x1d16    100%        6
 Starburst                Conj/Fire      5%         6d4       100%        6
 Maxwell's Capacitive Co  Air            5%         ∞         100%        8


Dungeon Overview and Level Annotations

Branches:
Dungeon (11/15)            Temple (1/1) D:5            Lair (0/5) D:8
    Orc: D:9-12

Altars:
Ashenzari
Cheibriados
Dithmenos
Gozag
Kikubaaqudgha
Makhleb
Nemelex Xobeh
Okawaru
Qazlal
Ru
Sif Muna
Trog
Uskayaw
Vehumet
Wu Jian
Xom

Shops:
D:7 *   D:9 =

Annotations:
D:10 2 transporters, Snorg
D:11 Psyche


Innate Abilities, Weirdness & Mutations

You have hoof-like feet.
You have an unnaturally thin skeletal structure. (Dex +6, Stealth+++)
A meltable icy envelope protects you from harm. (AC +4)
You regenerate a little health from kills.
A meltable shield of frost defends you. (SH +4)


Message History

Press: ? - help, Shift-Dir - straight line, f/p - Snorg
Aim: Snorg (severely wounded, berserk)
You feel a surge of power!
You draw life force from Snorg!
You feel life coursing into your body. Snorg bites you!! Snorg claws you!
* * * LOW HITPOINT WARNING * * *
Snorg completely misses you. Snorg barely misses you. Snorg claws you!
* * * LOW HITPOINT WARNING * * *
Snorg claws you!
* * * LOW HITPOINT WARNING * * *
Casting: Vampiric Draining (safe; 1% risk of failure)
Confirm with . or Enter, or press ? or * to list all spells.
Aiming: Vampiric Draining (safe; 1% risk of failure)
Press: ? - help, Shift-Dir - straight line, f/p - Snorg
Aim: Snorg (severely wounded, berserk)
You feel a surge of power!
You draw life force from Snorg!
You feel life coursing into your body. Snorg closely misses you.
Snorg claws you.
* * * LOW HITPOINT WARNING * * *
You block Snorg's attack.
Casting: Vampiric Draining (safe; 1% risk of failure)
Confirm with . or Enter, or press ? or * to list all spells.
Aiming: Vampiric Draining (safe; 1% risk of failure)
Press: ? - help, Shift-Dir - straight line, f/p - Snorg
Aim: Snorg (severely wounded, berserk)
You feel a surge of power!
You draw life force from Snorg!
You feel life coursing into your body. Snorg bites you!
* * * LOW HITPOINT WARNING * * *
Snorg misses you. Snorg barely misses you. Snorg closely misses you.
Snorg barely misses you. Snorg claws you but does no damage.
Casting: Vampiric Draining (safe; 1% risk of failure)
Confirm with . or Enter, or press ? or * to list all spells.
Aiming: Vampiric Draining (safe; 1% risk of failure)
Press: ? - help, Shift-Dir - straight line, f/p - Snorg
Aim: Snorg (almost dead, berserk)
You feel a surge of power!
You draw life force from Snorg!
You feel life coursing into your body! You block Snorg's attack.
Snorg claws you!
* * * LOW HITPOINT WARNING * * *
Snorg claws you!
You die...

........# .......
......### .......
......# ....... ......#
.......
......###########.......
........................
.#......................
.#.#############........
#.#..........Z#@T......
#.#$..........#........
#.#$.###.###..#........
#.#_.# #.# #..#........
...#). .......#........
..©#⌠W ..©.....#©.......
......#..###+##
.#8#..#...


You could see Snorg (berserk) and a centaur warrior skeleton.

Vanquished Creatures
  Pikel (D:8)
  An arcanist (D:11)
  A troll (D:9)
  Prince Ribbit (D:9)
  A shadow (D:11)
  2 wyverns (D:8)
  6 yaks
  Eustachio (D:6)
  A steam dragon (D:8)
  4 water moccasins
  A black bear (D:8)
  2 sky beasts (D:7)
  2 ice beasts
  4 orc warriors
  2 kobold brigands (D:9)
  A lemure (D:8)
  A phantom (D:6)
  2 bullfrogs (D:7)
  A gnoll sergeant (D:11)
  7 scorpions
  4 killer bees (D:9)
  6 howler monkeys
  4 jellies
  2 hounds
  5 orc priests
  Crazy Yiuf (D:3)
  A gnoll bouda (D:7)
  2 iguanas
  3 sleepcaps
  3 orc wizards
  7 gnolls
  9 adders
  A shadow imp (D:6)
  A white imp (D:6)
  3 dart slugs
  4 ribbon worms
  36 orcs
  4 endoplasms
  2 giant cockroaches (D:3)
  9 goblins
  7 hobgoblins
  5 jackals
  22 kobolds
  A quokka (D:4)
  6 ball pythons
  7 bats
  2 frilled lizards
  7 rats
206 creatures vanquished.

Vanquished Creatures (collateral kills)
  A howler monkey (D:7)
  A jackal (D:1)
  A ball python (D:2)
3 creatures vanquished.

Vanquished Creatures (others)
  An orc wizard (D:9)
1 creature vanquished.

Grand Total: 210 creatures vanquished

Notes
Turn   | Place    | Note
-------+----------+-------------------------------------------
     0 | D:1      | PaiMei the Demonspawn Necromancer began the quest for the
                  | Orb.
     0 | D:1      | Reached XP level 1. HP: 13/13 MP: 3/3
   250 | D:1      | Gained mutation: You have a somewhat thin skeletal
                  | structure. (Dex +2, Stealth+) [demonic ancestry]
   250 | D:1      | Reached XP level 2. HP: 19/19 MP: 0/5
  1348 | D:2      | Gained mutation: You have a moderately thin skeletal
                  | structure. (Dex +4, Stealth++) [demonic ancestry]
  1348 | D:2      | Reached XP level 3. HP: 9/25 MP: 0/6
  1358 | D:2      | Learned a level 3 spell: Vampiric Draining
  1662 | D:2      | Reached skill level 1 in Fighting
  2521 | D:3      | Identified the +1 robe of Lusex {Regen+ Dex-2 Stlth+
                  | Archmagi}
  2585 | D:3      | Gained mutation: You regenerate a little health from kills.
                  | [demonic ancestry]
  2585 | D:3      | Reached XP level 4. HP: 32/32 MP: 1/7
  3204 | D:3      | Found a runed translucent door.
  3205 | D:3      | Noticed Crazy Yiuf
  3211 | D:3      | Killed Crazy Yiuf
  3212 | D:3      | Reached skill level 5 in Necromancy
  3423 | D:4      | Gained mutation: A meltable shield of frost defends you.
                  | (SH +4) [demonic ancestry]
  3423 | D:4      | Reached XP level 5. HP: 33/38 MP: 9/9
  3632 | D:4      | Reached XP level 6. HP: 46/46 MP: 8/10
  3653 | D:4      | Noticed a two-headed ogre
  4009 | D:5      | Entered Level 5 of the Dungeon
  4274 | D:5      | Found a staircase to the Ecumenical Temple.
  4280 | Temple   | Entered the Ecumenical Temple
  4660 | D:5      | Learned a level 4 spell: Animate Dead
  4774 | D:6      | Noticed an ice beast
  4779 | D:6      | Killed an ice beast
  4780 | D:6      | Reached skill level 6 in Necromancy
  4780 | D:6      | Gained mutation: You have large cloven feet. [demonic
                  | ancestry]
  4780 | D:6      | Reached XP level 7. HP: 52/52 MP: 12/12
  4920 | D:6      | Noticed Eustachio
  5094 | D:6      | Killed Eustachio
  5095 | D:6      | Gained mutation: A meltable icy envelope protects you from
                  | harm. (AC +4) [demonic ancestry]
  5095 | D:6      | Reached XP level 8. HP: 59/61 MP: 9/14
  5206 | D:6      | Found an opulent altar of Gozag.
  5247 | D:6      | Found a shimmering altar of Xom.
  5270 | D:6      | Reached skill level 7 in Necromancy
  5336 | D:6      | Reached skill level 5 in Dodging
  5336 | D:6      | Reached skill level 5 in Spellcasting
  5822 | D:7      | Found Zin's Purification Station.
  5869 | D:7      | Reached skill level 5 in Fighting
  6020 | D:7      | Gained mutation: You have an unnaturally thin skeletal
                  | structure. (Dex +6, Stealth+++) [demonic ancestry]
  6020 | D:7      | Reached XP level 9. HP: 68/68 MP: 17/17
  6209 | D:7      | Reached skill level 8 in Necromancy
  6442 | D:8      | Found a staircase to the Lair.
  6710 | D:8      | Noticed Pikel
  6738 | D:8      | Killed Pikel
  6977 | D:8      | Reached skill level 9 in Necromancy
  7199 | D:9      | You fall into a shaft and drop 2 floors!
  7365 | D:11     | Gained mutation: You have hoof-like feet. [demonic
                  | ancestry]
  7365 | D:11     | Reached XP level 10. HP: 12/79 MP: 20/20
  7596 | D:11     | Noticed an arcanist
  7603 | D:11     | Killed an arcanist
  7736 | D:10     | Entered Level 10 of the Dungeon
  7846 | D:11     | Noticed Psyche
  8015 | D:9      | Found Xubats's Jewellery Shop.
  8148 | D:9      | Noticed Prince Ribbit
  8165 | D:9      | Killed Prince Ribbit
  8562 | D:9      | Found a sacrificial altar of Ru.
  8699 | D:9      | Identified the +2 pair of gloves of Niybudgho {rN+}
  9199 | D:10     | Found an ancient bone altar of Kikubaaqudgha.
  9201 | D:10     | Found a transporter.
  9201 | D:10     | Noticed a flayed ghost
  9203 | D:10     | Found a transporter.
  9208 | D:10     | Noticed Snorg
  9221 | D:10     | HP: 3/80 [Snorg (8)]
  9223 | D:10     | HP: 1/80 [Snorg (8)]
  9224 | D:10     | Mangled by Snorg

Illustrated notes

Levels and vault maps discovered:
D:1:      scummos_arrival_checkerplants, layout_basic
D:2:      layout_loops_cross
D:3:      layout_loops_ring, grunt_ministairs_11, uniq_crazy_yiuf_cottage
D:4:      layout_cave_pools
D:5:      layout_loops_ring, minmay_temple_entry_gardened_gates
D:6:      layout_basic, mainiacjoe_overflow_large_starburst, uniq_eustachio
D:7:      layout_rooms, zin_purify, amcnicky_mini_pool_small, kennysheep_nub
D:8:      layout_loops_ring, lair_entry_dummy, minmay_misc_feat_ornament,
          uniq_pikel
D:9:      layout_gridville, general_overflow_altar, serial_shops,
          nicolae_shop_pleasant_corner_grove, uniq_prince_ribbit1
D:10:     minmay_the_grid_octo_tiled_squarecenter [minmay_the_grid_octo_horde,
          minmay_the_grid_octo_tetromino_candy, minmay_the_grid_octo_chip,
          minmay_the_grid_octo_empty, minmay_the_grid_square_5x5_megaprize_open,
          minmay_the_grid_square_5x5_bridge, minmay_the_grid_square_5x5_six,
          minmay_the_grid_square_5x5_broken_cross,
          minmay_the_grid_square_5x5_minibox], layout_irregular_city,
          gammafunk_temple_of_torment, gammafunk_temple_overflow_wave,
          uniq_josephine, uniq_snorg
D:11:     layout_loops_ring, minmay_librarian, uniq_psyche
Temple:   nicolae_temple_ecumenical_triangle

Skill      XL: |  1  2  3  4  5  6  7  8  9 10 |
---------------+-------------------------------+-----
Dodging        | 2 3 4 5 6 7 |  7.7
Stealth        | 2 |  2.0
Fighting       | 1 2 3 4 5 7 8 |  8.0
Necromancy     | 5 6 7 9 |  9.9
Spellcasting   | 3 4 5 6 7 |  7.7

Action                     |  1- 3 |  4- 6 |  7- 9 | 10-12 || total
---------------------------+-------+-------+-------+-------++-------
  Melee: Unarmed           |     9 |       |       |       ||     9
         Short sword       |    21 |     2 |       |       ||    23
         Quarterstaff      |       |     5 |       |       ||     5
         Dagger            |       |    28 |     3 |       ||    31
         Long sword        |       |       |    10 |       ||    10
         Kick              |       |       |    17 |    12 ||    29
         Falchion          |       |       |    41 |    32 ||    73
         Punch             |       |       |       |     1 ||     1
   Cast: Necrotise         |    84 |    89 |   115 |    41 ||   329
         Vampiric Draining |       |     6 |    71 |    65 ||   142
  Evoke: Wand              |       |       |     3 |       ||     3
   Stab: Distracted        |       |       |     1 |       ||     1
         Sleeping          |       |       |     1 |       ||     1
 Armour: Robe              |    17 |    23 |    64 |   108 ||   212
  Dodge: Dodged            |    41 |    32 |    74 |   121 ||   268
  Block: Other             |       |     8 |    21 |    23 ||    52
